 Seeded DCSS version 0.30-a0-465-g8901f6c8b5 (webtiles) character file.

Game seed: 12743613392378758624 (custom seed)

33796 purpskrrrp the Green Death (level 13, -4/103 HPs)
             Began as a Demonspawn Monk on Dec 17, 2022.
             Was a High Priest of Fedhas.
             Slain by a death yak (16 damage)
             ... on level 1 of the Lair of Beasts.
             The game lasted 00:36:13 (14965 turns).

purpskrrrp the Green Death (Demonspawn Monk)       Turns: 14965, Time: 00:36:13

Health: -4/103     AC: 17    Str: 12    XL:     13   Next: 38%
Magic:  22/25      EV: 14    Int: 13    God:    Fedhas [*****.]
Gold:   827        SH: 11    Dex: 22    Spells: 12/12 levels left

rFire   . . .      SeeInvis .    E - +6 demon blade
rCold   . . .      Faith    .    w - +0 kite shield
rNeg    . . .      Spirit   .    P - +0 troll leather armour
rPois   .          Reflect  .    M - +0 helmet
rElec   .          Harm     .    j - +2 cloak
rCorr   .          Rampage  .    i - +2 pair of gloves {Dex+3}
Will    .....                    (no boots)
Stlth   ++++++....               (no amulet)
HPRegen 1.17/turn                p - +4 ring of protection
MPRegen 0.19/turn                A - ring of flight

@: mighty, flying, studying Stealth
A: hooves 1, rugged brown scales 2, powered by pain 2, spiny 1
a: Renounce Religion, Wall of Briars, Grow Ballistomycete, Overgrow, Grow Oklob


You were on level 1 of the Lair of Beasts.
You worshipped Fedhas.
Fedhas was extremely pleased with you.
You visited 3 branches of the dungeon, and saw 16 of its levels.
You also visited: Bailey.

You collected 827 gold pieces.

Inventory:

Hand Weapons
 a - a +0 falchion
 E - a +6 demon blade (weapon)
Missiles
 q - 4 javelins
 r - 6 throwing nets
 v - 47 poisoned darts
Armour
 b - a +0 robe
 i - a +2 pair of gloves of dexterity (worn)
 j - a +2 cloak (worn)
 m - the +0 ring mail of Demons {Drain rF++ rCorr}
   (You found it on level 5 of the Dungeon)

   rF:        It greatly protects you from fire.
   rCorr:     It protects you from acid and corrosion.
   Drain:     It drains your maximum health when unequipped.
 w - a +0 kite shield (worn)
 F - the +6 chain mail "Zuvuekk" {rPois Will- Dex+4}
   (You acquired it on level 7 of the Dungeon)

   Dex:       It affects your dexterity (+4).
   rPois:     It protects you from poison.
   Will:      It decreases your willpower.
 M - a +0 helmet (worn)
 P - a +0 troll leather armour (worn)
Jewellery
 p - a +4 ring of protection (left hand)
 x - a ring of magical power
 A - a ring of flight (right hand)
 H - a ring of ice
 K - a ring of protection from fire
Wands
 t - a wand of flame (16)
 y - a wand of digging (8)
 C - a wand of mindburst (34)
 D - a wand of roots (1)
Scrolls
 d - 3 scrolls of amnesia
 e - 8 scrolls of teleportation
 f - a scroll of magic mapping
 G - 2 scrolls of poison
 J - a scroll of immolation
 L - a scroll of noise
 O - 2 scrolls of fog
Potions
 c - 2 potions of brilliance
 g - a potion of cancellation
 h - 3 potions of magic
 k - 4 potions of attraction
 l - 4 potions of degeneration
 n - a potion of invisibility {unknown}
 o - 4 potions of flight
 s - a potion of mutation {unknown}
 u - 6 potions of heal wounds
 z - 2 potions of berserk rage
 B - 3 potions of lignification
 I - 6 potions of curing
 Q - a potion of might


   Skills:
 + Level 8.4 Fighting
 * Level 9.0 Long Blades
 + Level 6.5 Dodging
 * Level 14.8 Stealth
 + Level 5.1 Shields
 + Level 17.0 Invocations


You had 12 spell levels left.
You didn't know any spells.
Your spell library contained the following spells:

 Spells                   Type           Power      Damage    Failure   Level
 Magic Dart               Conj           0%         1d3       75%         1
 Call Imp                 Summ           0%         N/A       86%         2
 Ensorcelled Hibernation  Hex/Ice        0%         N/A       86%         2
 Passwall                 Tmut/Erth      0%         N/A       86%         2
 Searing Ray              Conj           0%         2d4       86%         2
 Dazzling Flash           Conj/Hex       0%         N/A       98%         3
 Inner Flame              Hex/Fire       0%         N/A       98%         3
 Mephitic Cloud           Conj/Pois/Air  0%         N/A       98%         3
 Swiftness                Air            0%         N/A       98%         3
 Animate Dead             Necr           0%         N/A       100%        4
 Flame Wave               Conj/Fire      0%         2d4       100%        4
 Fulminant Prism          Conj/Hex       0%         3d5       100%        4
 Iskenderun's Mystic Bla  Conj/Tloc      0%         2d3       100%        4
 Sticky Flame             Conj/Fire      0%         2d3       100%        4
 Starburst                Conj/Fire      0%         6d3       100%        6
 Haunt                    Necr/Summ      0%         N/A       100%        7
 Infestation              Necr           0%         N/A       100%        8


Dungeon Overview and Level Annotations

Branches:
Dungeon (14/15)            Temple (1/1) D:5            Lair (1/5) D:11
    Orc (0/2) D:10         Bailey (visited)
 Vaults: D:13-14

Altars:
Ashenzari
Cheibriados
Dithmenos
Fedhas
Gozag
Hepliaklqana
Kikubaaqudgha
Makhleb
Nemelex Xobeh
Okawaru
Qazlal
Ru
Sif Muna
Trog
Uskayaw
Vehumet
Wu Jian
Xom
Yredelemnul

Shops:
D:8 (


Innate Abilities, Weirdness & Mutations

You have large cloven feet.
You are mostly covered in rugged brown scales. (AC +2, +5% HP)
You sometimes gain power by taking damage.
You are partially covered in sharp spines.


Message History

Fedhas appreciates your contribution to the ecosystem.
You hit the death yak.
The death yak is heavily wounded.
The blink frog blinks!
The death yak gores you!
You focus on the pain.
You feel very mighty all of a sudden. The death yak gores you!!
You block the blink frog's attack. The death yak is struck by your spines.
The death yak gores you. The death yak gores you!
* * * LOW HITPOINT WARNING * * *
You are too injured to fight recklessly!
You are too injured to fight recklessly!
You are too injured to fight recklessly!
You are too injured to fight recklessly!
You are too injured to fight recklessly!
You are too injured to fight recklessly!
You are too injured to fight recklessly!
You are too injured to fight recklessly!
You are too injured to fight recklessly!
You are too injured to fight recklessly!
You are too injured to fight recklessly!
You are too injured to fight recklessly!
You are too injured to fight recklessly!
You are too injured to fight recklessly!
You are too injured to fight recklessly!
You are too injured to fight recklessly!
You are too injured to fight recklessly!
You are too injured to fight recklessly!
You are too injured to fight recklessly!
Okay, then.
Okay, then.
A briar patch grows up from the ground. x3; You block the blink frog's attack.
The death yak gores you!
* * * LOW HITPOINT WARNING * * *
The death yak is struck by your spines. The death yak closely misses you.
You block the death yak's attack. The death yak gores you.
* * * LOW HITPOINT WARNING * * *
You fly carefully through the plants.
The death yak attacks as you move away! The death yak gores you!
You die...
Fedhas appreciates your contribution to the ecosystem.

.....## ###.#
.....##.....
####...........
...............
.......F...>...
. .............
....#.YYF......
....F§Y@Y......
......PPP......
.......F.##...#
.........# ..#
.....#.... .
..####..... .
...... #...##.


You could see 4 death yaks and 4 blink frogs.

Vanquished Creatures
  A boulder beetle (D:14)
  A centaur warrior (D:13)
  2 death yaks (Lair:1)
  A two-headed ogre (D:13)
  2 orc high priests (Bailey)
  Pikel (D:7)
  An orc knight (Bailey)
  3 deep elf pyromancers
  An ugly thing (D:12)
  2 cyclopes
  A gargoyle (D:12)
  A queen bee (shapeshifter) (D:14)
  4 trolls
  7 slime creatures
  A shadow (D:10)
  A wraith (D:11)
  15 yaks
  A basilisk (D:12)
  5 vampire mosquitoes
  Menkaure (D:7)
  An acid dragon (D:9)
  4 water moccasins
  11 orc warriors
  An ice beast (D:7)
  3 black bears
  2 ogres
  7 centaurs
  A lemure (D:7)
  4 kobold brigands
  6 scorpions
  3 bullfrogs (D:8)
  6 necrophages
  4 wights (D:8)
  5 electric eels (Bailey)
  3 howler monkeys (D:9)
  2 jellies
  5 hounds
  2 gnoll boudas (D:5)
  3 orc priests (D:8)
  3 iguanas
  7 orc wizards
  18 gnolls
  11 adders
  2 shadow imps
  A white imp (D:6)
  An ufetubus (D:6)
  3 dart slugs
  23 orcs
  10 ball pythons
  4 bats
  7 endoplasms
  3 giant cockroaches (D:2)
  8 hobgoblins
  6 jackals (D:1)
  31 kobolds
  2 quokkas
  3 frilled lizards
  19 goblins
  5 rats
292 creatures vanquished.

Vanquished Creatures (collateral kills)
  A tengu warrior (D:13)
  A troll (D:11)
  A slime creature (D:11)
  A yak (D:8)
  A centaur (D:13)
  A bullfrog (D:6)
  A gnoll sergeant (D:11)
  An orc wizard (D:6)
  3 gnolls (D:11)
  3 ballistomycete spores (Bailey)
14 creatures vanquished.

Vanquished Creatures (others)
  3 plants (D:11)
3 creatures vanquished.

Grand Total: 309 creatures vanquished

Notes
Turn   | Place    | Note
-------+----------+-------------------------------------------
     0 | D:1      | purpskrrrp the Demonspawn Monk began the quest for the Orb.
     0 | D:1      | Reached XP level 1. HP: 18/18 MP: 1/1
   133 | D:1      | Gained mutation: You are partially covered in sharp spines.
                  | [demonic ancestry]
   133 | D:1      | Reached XP level 2. HP: 15/24 MP: 2/2
   549 | D:1      | Gained mutation: You have large cloven feet. [demonic
                  | ancestry]
   549 | D:1      | Reached XP level 3. HP: 29/29 MP: 3/3
  1479 | D:2      | Reached XP level 4. HP: 37/37 MP: 4/4
  2241 | D:3      | Reached XP level 5. HP: 35/42 MP: 5/5
  2570 | D:3      | Found a faded altar of an unknown god.
  2695 | D:3      | Noticed a water moccasin
  2715 | D:3      | Killed a water moccasin
  2716 | D:3      | Gained mutation: You are partially covered in rugged brown
                  | scales. (AC +1, +3% HP) [demonic ancestry]
  2716 | D:3      | Reached XP level 6. HP: 35/50 MP: 6/6
  3629 | D:4      | Reached skill level 5 in Fighting
  3696 | D:5      | Entered Level 5 of the Dungeon
  3781 | D:5      | Identified the +0 ring mail of Demons {Drain rF++ rCorr}
  3815 | D:5      | Reached XP level 7. HP: 50/57 MP: 7/7
  3913 | D:5      | Found a staircase to the Ecumenical Temple.
  3939 | D:5      | Reached skill level 1 in Shields
  3975 | Temple   | Entered the Ecumenical Temple
  4324 | Temple   | Became a worshipper of Fedhas Madash
  4324 | Temple   | Reached * piety under Fedhas
  4324 | Temple   | Reached ** piety under Fedhas
  4403 | D:5      | Reached skill level 5 in Long Blades
  4446 | D:5      | Reached skill level 1 in Invocations
  4667 | D:5      | Reached skill level 2 in Invocations
  4698 | D:5      | Reached skill level 15 in Invocations
  4698 | D:5      | Reached XP level 8. HP: 65/65 MP: 8/19
  5063 | D:6      | Gained mutation: You sometimes gain a little power by
                  | taking damage. [demonic ancestry]
  5063 | D:6      | Reached XP level 9. HP: 71/71 MP: 20/20
  5906 | D:7      | Noticed Pikel
  5923 | D:7      | Killed Pikel
  6161 | D:7      | Noticed Menkaure
  6169 | D:7      | Killed Menkaure
  6582 | D:7      | Reached *** piety under Fedhas
  6991 | D:7      | Identified a scroll of acquirement
  6991 | D:7      | Acquired the +6 chain mail "Zuvuekk" {rPois Will- Dex+4}
  7088 | D:8      | Reached XP level 10. HP: 47/66 MP: 21/21
  7325 | D:8      | Found Fetaybb's Weapon Boutique.
  7475 | D:8      | Reached skill level 16 in Invocations
  7832 | D:8      | Noticed a green ugly thing
  7855 | D:8      | Noticed a centaur warrior
  7856 | D:8      | Noticed a gargoyle
  7856 | D:8      | Noticed a four-headed hydra
  7865 | D:8      | Noticed a skeletal warrior
  7866 | D:8      | Noticed a two-headed ogre
  7883 | D:8      | Noticed a manticore
  7996 | D:8      | Reached skill level 5 in Stealth
  8847 | D:9      | Found a flagged portal.
  8862 | Bailey   | Entered a bailey
  9089 | Bailey   | Noticed an orc high priest
  9292 | Bailey   | Reached **** piety under Fedhas
  9331 | Bailey   | Identified the +9 dagger of Ashenzari, Scorching {vorpal,
                  | rN+ Str+3}
  9372 | Bailey   | Reached skill level 5 in Dodging
  9428 | Bailey   | Identified the +0 plate armour of the Mind {Drain rElec
                  | Int+4}
  9474 | Bailey   | Noticed an orc knight
  9476 | Bailey   | Found an iron altar of Okawaru.
  9476 | Bailey   | Noticed an orc high priest
  9482 | Bailey   | Killed an orc knight
  9486 | Bailey   | Killed an orc high priest
  9503 | Bailey   | Noticed a rust devil
  9503 | Bailey   | Noticed a sun demon
  9504 | Bailey   | Noticed an orange demon
  9505 | Bailey   | Killed an orc high priest
  9727 | Bailey   | Reached XP level 11. HP: 84/86 MP: 23/23
  9949 | D:9      | Found an iron altar of Okawaru.
 10791 | D:10     | Entered Level 10 of the Dungeon
 10873 | D:10     | Found a staircase to the Orcish Mines.
 11972 | D:11     | Reached ***** piety under Fedhas
 11986 | D:11     | Found a staircase to the Lair.
 13479 | D:12     | Noticed a deep elf pyromancer
 13488 | D:12     | Killed a deep elf pyromancer
 13705 | D:12     | Gained mutation: You sometimes gain power by taking damage.
                  | [demonic ancestry]
 13705 | D:12     | Reached XP level 12. HP: 69/94 MP: 24/24
 14157 | D:13     | Noticed a two-headed ogre
 14169 | D:13     | Killed a two-headed ogre
 14170 | D:13     | Reached skill level 10 in Stealth
 14314 | D:13     | Gained mutation: You are mostly covered in rugged brown
                  | scales. (AC +2, +5% HP) [demonic ancestry]
 14314 | D:13     | Reached XP level 13. HP: 95/102 MP: 25/25
 14315 | D:13     | Acquired a manual of Stealth
 14473 | D:13     | Reached skill level 5 in Shields
 14916 | Lair:1   | Entered Level 1 of the Lair of Beasts
 14956 | Lair:1   | Reached skill level 17 in Invocations
 14965 | Lair:1   | Slain by a death yak

Illustrated notes

Levels and vault maps discovered:
D:1:      dpeg_arrival_radiant, layout_basic, minmay_misc_feat_rugged
D:2:      layout_loops_corners
D:3:      layout_loops_corners, chequers_ecumenical_altar_grove,
          minmay_stone_trees_large, hangedman_decor_slide_cut
D:4:      layout_loops_ring
D:5:      layout_rooms, temple_fountains
D:6:      layout_loops_ring, hangedman_abyss_or_decor_stagger, grunt_potential
D:7:      layout_basic, uniq_pikel, uniq_menkaure
D:8:      layout_layer_cave, lemuel_crystal_altar, serial_shops,
          nicolae_take_the_stairs, minmay_misc_feat_more_columns, minivault_12
D:9:      layout_grid_maze, okawaru_metal_pillars_1_2, enter_bailey_5
D:10:     layout_cave_pods, orc_0_dummy
D:11:     layout_stronghold, grunt_lair_entry_orc_guard_hut, serial_glass,
          glass_columns_b, glass_columns_a, feat_on_display,
          gauntlet_entry_generic, kennysheep_generic_room_9
D:12:     layout_basic
D:13:     layout_rooms, serial_glass, glass_columns_a, glass_columns_b,
          glass_columns_a, elyvilon_altar_4
D:14:     minmay_the_grid_octo_tiled_squarecenter
          [minmay_the_grid_octo_fat_diamond, minmay_the_grid_octo_pinwheel,
          minmay_the_grid_octo_thin_diamonds, minmay_the_grid_octo_concentric,
          minmay_the_grid_square_5x5_megaprize_open,
          minmay_the_grid_square_5x5_six, minmay_the_grid_square_5x5_lines,
          minmay_the_grid_square_5x5_doubleslash,
          minmay_the_grid_square_5x5_six_small], layout_rooms, minmay_puff,
          uniq_jorgrun, uniq_nessos, uniq_rupert, uniq_snorg
Temple:   mainiacjoe_temple_cubbyholes
Lair:1:   layout_gridlike, kennysheep_rathole

Skill      XL: |  1  2  3  4  5  6  7  8  9 10 11 12 13 |
---------------+----------------------------------------+-----
Stealth        | 2 3 4 6 9 14 | 14.8
Long Blades    | 3 4 5 6 7 8 9 |  9.0
Dodging        | 3 4 5 6 |  6.5
Fighting       | 4 5 6 7 8 |  8.4
Shields        | 1 2 3 4 5 |  5.1
Invocations    | 15 16 17 | 17.0

Action                   |  1- 3 |  4- 6 |  7- 9 | 10-12 | 13-15 || total
-------------------------+-------+-------+-------+-------+-------++-------
Melee: Falchion          |    80 |   106 |    29 |       |       ||   215
       Kick              |     6 |    20 |    48 |   178 |    20 ||   272
       Demon blade       |       |       |   116 |   425 |    43 ||   584
Throw: Dart              |     6 |     8 |     3 |     1 |       ||    18
       Javelin           |       |     8 |     2 |     5 |       ||    15
Invok: Wall of Briars    |       |       |     1 |     3 |     2 ||     6
       Grow Ballistomyce |       |       |       |     1 |       ||     1
       Grow Oklob        |       |       |       |     1 |     1 ||     2
Evoke: Wand              |       |       |    10 |    11 |     2 ||    23
  Use: Potion            |       |     2 |     1 |     4 |       ||     7
       Scroll            |       |     7 |    15 |    14 |     3 ||    39
 Stab: Sleeping          |    14 |     9 |     3 |     2 |     2 ||    30
Armor: Robe              |    14 |    38 |       |       |       ||    52
       Ring mail         |       |     3 |    65 |       |       ||    68
       Skin              |       |     1 |       |       |       ||     1
       Chain mail        |       |       |     1 |   220 |       ||   221
       Troll leather arm |       |       |       |    18 |    28 ||    46
Dodge: Dodged            |    49 |    46 |    47 |    95 |    56 ||   293
Block: Kite shield       |       |    39 |    80 |   250 |    36 ||   405

Table legend: (Time is in decaauts)
 A = Elapsed time spent in this place.
 B = Non-inter-level travel time spent in this place.
 C = Inter-level travel time spent in this place.
 D = Time resting spent in this place.
 E = Time spent auto-exploring this place.
 F = Levels seen in this place.
 G = Mean time per level.
                   A        B        C        D        E       F      G
               +--------+--------+--------+--------+--------+-----+--------+
         Total |  15120 |  14256 |    864 |   1607 |   9914 |  17 |  889.4 |
       Dungeon |  13755 |  12908 |    847 |   1331 |   9342 |  14 |  982.5 |
        Temple |    367 |    350 |     17 |      0 |    287 |   1 |  367.0 |
          Lair |     48 |     48 |      0 |      0 |     29 |   1 |   48.0 |
        Bailey |    949 |    949 |      0 |    276 |    256 |   1 |  949.0 |
               +--------+--------+--------+--------+--------+-----+--------+

Top non-repeatable levels by time:
     D:8: 1758 daAuts
    D:11: 1300 daAuts
     D:1: 1232 daAuts
     D:7: 1173 daAuts
    D:12: 1098 daAuts
     D:6: 1097 daAuts
     D:9: 1056 daAuts
     D:3: 989 daAuts
    D:10: 976 daAuts
  Bailey: 949 daAuts
     D:2: 887 daAuts
     D:5: 763 daAuts
     D:4: 625 daAuts
    D:13: 554 daAuts
  Temple: 367 daAuts
